 Dungeon Crawl Stone Soup version 0.31-a0-1074-g0b22e4e0f1 (webtiles) character file.

Game seed: 16033866157676280689

5784 grandjackal the Destroyer (level 10, -1/64 HPs)
             Began as a Tengu Conjurer on Nov 29, 2023.
             Was a Believer of Vehumet.
             Slain by a death yak (27 damage)
             ... on level 8 of the Dungeon.
             The game lasted 00:20:36 (10803 turns).

grandjackal the Destroyer (Tengu Conjurer)         Turns: 10803, Time: 00:20:36

Health: -1/64      AC:  6    Str: 10    XL:     10   Next: 78%
Magic:  22/22      EV: 16    Int: 23    God:    Vehumet [**....]
Gold:   266        SH:  0    Dex: 12    Spells: 5/24 levels left

rFire   + . .        A - +7 long sword "Qeympoa" {freeze, Str+2}
rCold   . . .        (no shield)
rNeg    . . .        F - +2 robe {Will+}
rPois   .            (helmet restricted)
rElec   .            i - +0 cloak
rCorr   .            x - +0 pair of gloves {hurl}
SInv    +            (boots unavailable)
Will    +....        (no amulet)
Stlth   ++           o - ring of protection from fire
HPRegen 0.30/turn    (no ring)
MPRegen 0.18/turn

%: acrobat
@: flying
A: beak, talons 3, evasive flight, acrobatic
a: Renounce Religion


You were on level 8 of the Dungeon.
You worshipped Vehumet.
Vehumet was pleased with you.
You visited 2 branches of the dungeon, and saw 10 of its levels.
You also visited: Bailey.

You collected 722 gold pieces.
You spent 456 gold pieces at shops.

Inventory:

Hand Weapons
 c - a +0 trident
 A - the +7 long sword "Qeympoa" (weapon) {freeze, Str+2}
   (You found it on level 7 of the Dungeon)

   Str+2:     It affects your strength (+2).
Missiles
 w - 7 poisoned darts
 G - a throwing net
Armour
 i - a +0 cloak (worn)
 x - a +0 pair of gloves of hurling (worn)
 y - a +4 ring mail
 F - a +2 robe of willpower (worn)
Jewellery
 o - a ring of protection from fire (left hand)
 v - a ring of willpower
 C - a ring of protection from cold
Scrolls
 d - 2 scrolls of revelation
 e - 8 scrolls of teleportation {unknown}
 f - a scroll of blinking {unknown}
 j - 2 scrolls of immolation {unknown}
 k - 4 scrolls of poison {unknown}
 m - 9 scrolls of identify {unknown}
 q - 3 scrolls of amnesia {unknown}
 r - 2 scrolls of enchant weapon {unknown}
 s - a scroll of acquirement {unknown}
 u - a scroll of fog {unknown}
 D - a scroll of enchant armour {unknown}
 E - a scroll of vulnerability {unknown}
Potions
 a - a potion of invisibility {unknown}
 b - 3 potions of magic
 g - 3 potions of might {unknown}
 h - a potion of heal wounds {unknown}
 l - 4 potions of lignification {unknown}
 n - 2 potions of mutation {unknown}
 p - 5 potions of enlightenment
 t - 5 potions of brilliance {unknown}
 z - 2 potions of curing
 B - a potion of attraction {unknown}


   Skills:
 + Level 7.9 Fighting
 - Level 2.1 Dodging
 - Level 2.0 Stealth
 + Level 7.6 Spellcasting
 - Level 11.2 Conjurations
 + Level 4.7 Translocations
 + Level 7.0 Air Magic


You had 5 spell levels left.
You knew the following spells:

 Your Spells              Type           Power      Damage    Failure   Level
a - Magic Dart            Conj           100%       1d8       1%          1
b - Searing Ray           Conj           100%       2d8       1%          2
c - Iskenderun's Mystic   Conj/Tloc      45%        2d10      2%          4
d - Vhi's Electric Charg  Tloc/Air       70%        N/A       6%          4
e - Arcjolt               Conj/Air       25%        1d35      4%          5
f - Mephitic Cloud        Conj/Pois/Air  36%        N/A       1%          3

Your spell library contained the following spells:

 Spells                   Type           Power      Damage    Failure   Level
 Sandblast                Erth           16%        2d6       8%          1
 Lesser Beckoning         Tloc           60%        N/A       1%          2
 Swiftness                Air            40%        N/A       1%          3
 Dazzling Flash           Conj/Hex       68%        N/A       2%          3
 Gell's Gravitas          Tloc           30%        N/A       3%          3
 Teleport Other           Tloc           30%        N/A       3%          3
 Fulminant Prism          Conj/Hex       17%        3d11      7%          4
 Manifold Assault         Tloc           30%        N/A       10%         4
 Call Imp                 Summ           16%        N/A       11%         2
 Ensorcelled Hibernation  Hex/Ice        16%        N/A       11%         2
 Passwall                 Tmut/Erth      6%         N/A       11%         2
 Sublimation of Blood     Necr           8%         N/A       11%         2
 Irradiate                Conj/Tmut      17%        3d17      21%         5
 Olgreb's Toxic Radiance  Pois           8%         N/A       58%         4
 Petrify                  Tmut/Erth      8%         N/A       58%         4
 Dispersal                Tloc           15%        N/A       83%         6
 Plasma Beam              Fire/Air       12%        2x1d23    95%         6
 Discord                  Hex            4%         N/A       100%        8
 Ignition                 Fire           4%         3d4       100%        8


Dungeon Overview and Level Annotations

Branches:
Dungeon (9/15)             Temple (1/1) D:6            Lair (0/5) D:8
 Bailey (visited)
    Orc: D:9-12

Altars:
Ashenzari
Cheibriados
Elyvilon
Fedhas
Gozag
Hepliaklqana
Kikubaaqudgha
Makhleb
Nemelex Xobeh
Okawaru
Qazlal
Ru
Sif Muna
Trog
Uskayaw
Vehumet
Wu Jian
Xom
Yredelemnul
Zin
The Shining One

Shops:
D:1 [   D:8 =

Annotations:
D:9 2 runed translucent doors, exclusion: orange crystal statue


Innate Abilities, Weirdness & Mutations

You have a beak for a mouth.
You have claws for feet.
Your magical flight helps you evade attacks. (EV +4)
You can magically evade attacks while moving or waiting.


Message History

There is a stone staircase leading down here.
You fly downwards.
There is a stone staircase leading up here.
There is a stone staircase leading down here.
You fly downwards.
There is a stone staircase leading up here.
There is a stone staircase leading down here.
You fly downwards.
There is a stone staircase leading up here.
You fly upwards.
There is a stone staircase leading down here.
Partly explored, can't reach some places.
Partly explored, can't reach some places.
You fly downwards.
There is a stone staircase leading up here.
There is a stone staircase leading down here.
You fly downwards.
There is a stone staircase leading up here.
The death yak bellows!
Casting: Searing Ray (safe; 1% risk of failure)
Confirm with . or Enter, or press ? or * to list all spells.
Okay, then.
Casting: Searing Ray (safe; 1% risk of failure)
Confirm with . or Enter, or press ? or * to list all spells.
Okay, then.
You aren't carrying any items that you can evoke.
Okay, then.
Found a staircase to the Lair.
A death yak comes into view.
The death yak bellows!
You hear a bellow!
Items here: )) [[.
You see here a +2 dagger of distortion.
The death yak bellows!
You slash the death yak! You freeze the death yak. You claw the death yak.
The death yak is lightly wounded.
The death yak gores you! The death yak gores you!!
As you read the scroll labelled XAINETE KAISME, it crumbles to dust.
You feel aware of your surroundings.
It was a scroll of revelation.
The death yak gores you!!
You die...

#Y##.## **,,,,,,,*##*##...
#.##########.....#*#.....##
#.###########...## #.###.#
#.############+### #.....#
#.)..#########.### #..##.#
####.#########.#####.....##
#####.#########.....##.##...
#...........##......##.#####
#.###.###Y#@#..........# *,*
#.###.#Y##......####
*,*##.....#.###.....#
*,.................##
**###.#####.#####<##
#.......#######
###############
###############


You could see 2 death yaks.

Vanquished Creatures
  Erica (D:8)
  Psyche (D:8)
  A hornet (D:9)
  A vampire (D:9)
  2 yaks (D:8)
  2 steam dragons
  6 orc warriors
  2 ice beasts
  4 black bears
  2 sky beasts
  An ogre (D:4)
  3 centaurs
  A phantom (D:5)
  3 bullfrogs
  4 scorpions
  2 gnoll sergeants
  3 wights (D:8)
  15 killer bees
  A hound (D:5)
  A gnoll bouda (D:5)
  2 jellies
  3 orc priests
  5 iguanas
  3 iron imps (D:6)
  3 sleepcaps
  2 orc wizards (D:6)
  16 gnolls
  18 adders
  A shadow imp (D:4)
  A white imp (D:6)
  2 ufetubi (D:6)
  A worm (D:4)
  6 dart slugs
  21 orcs
  3 bats
  9 endoplasms
  3 giant cockroaches
  8 goblins
  9 hobgoblins
  3 jackals
  10 kobolds
  4 quokkas
  8 ball pythons
  3 frilled lizards
  2 rats
202 creatures vanquished.

Notes
Turn   | Place    | Note
-------+----------+-------------------------------------------
     0 | D:1      | grandjackal the Tengu Conjurer began the quest for the Orb.
     0 | D:1      | Reached XP level 1. HP: 10/10 MP: 4/4
    94 | D:1      | Reached XP level 2. HP: 16/16 MP: 1/6
   180 | D:1      | Learned a level 2 spell: Searing Ray
   216 | D:1      | Found Iwaewer's Antique Armour Shoppe.
   243 | D:1      | Reached skill level 1 in Fighting
   548 | D:1      | Reached XP level 3. HP: 20/20 MP: 4/7
   774 | D:2      | Reached skill level 6 in Conjurations
   774 | D:2      | Reached XP level 4. HP: 26/26 MP: 0/9
   867 | D:2      | Learned a level 4 spell: Iskenderun's Mystic Blast
  1375 | D:2      | Reached XP level 5. HP: 31/31 MP: 5/10
  1623 | D:2      | Reached skill level 1 in Translocations
  2892 | D:4      | Reached XP level 6. HP: 23/36 MP: 4/12
  3069 | D:4      | Reached skill level 7 in Conjurations
  3607 | D:4      | Gained mutation: Your magical flight helps you evade
                  | attacks. (EV +4) [Tengu growth]
  3607 | D:4      | Reached XP level 7. HP: 41/41 MP: 11/13
  3740 | D:5      | Entered Level 5 of the Dungeon
  3881 | D:5      | Found a sparkling altar of Nemelex Xobeh.
  4304 | D:5      | Reached XP level 8. HP: 47/48 MP: 3/15
  4306 | D:5      | Reached skill level 8 in Conjurations
  4929 | D:5      | Reached skill level 5 in Fighting
  4929 | D:5      | Reached skill level 5 in Spellcasting
  5157 | D:5      | Found a snail-covered altar of Cheibriados.
  5552 | D:6      | Reached skill level 9 in Conjurations
  5562 | D:6      | Reached XP level 9. HP: 51/54 MP: 7/18
  6045 | D:6      | Found a staircase to the Ecumenical Temple.
  6054 | Temple   | Entered the Ecumenical Temple
  6087 | Temple   | Became a worshipper of Vehumet
  6093 | Temple   | Learned a level 4 spell: Vhi's Electric Charge
  6099 | Temple   | Learned a level 5 spell: Arcjolt
  6378 | D:6      | Reached skill level 1 in Air Magic
  6455 | D:6      | Found a burning altar of Makhleb.
  6689 | D:7      | Found a faded altar of an unknown god.
  6689 | D:7      | Found a sacrificial altar of Ru.
  6694 | D:7      | Found a faded altar of an unknown god.
  6696 | D:7      | Found a broken altar of Ashenzari.
  6697 | D:7      | Found a glowing silver altar of Zin.
  6804 | D:7      | Reached skill level 10 in Conjurations
  6913 | D:7      | Found a flagged portal.
  7029 | D:7      | Got the Almanac of Orientation
  7046 | Bailey   | Entered a bailey
  7138 | Bailey   | Reached * piety under Vehumet
  7138 | Bailey   | Offered knowledge of Kiss of Death by Vehumet.
  7407 | Bailey   | Reached XP level 10. HP: 35/61 MP: 4/21
  7439 | Bailey   | Reached skill level 5 in Air Magic
  7877 | D:7      | Identified the +7 long sword "Qeympoa" {freeze, Str+2}
  8360 | D:8      | Found a glowing golden altar of the Shining One.
  8458 | D:8      | Noticed Erica
  8478 | D:8      | Killed Erica
  8479 | D:8      | Reached skill level 11 in Conjurations
  8685 | D:8      | Found Kynecw's Jewellery Shoppe.
  8758 | D:8      | Reached ** piety under Vehumet
  8758 | D:8      | Offered knowledge of Sandblast by Vehumet.
  8895 | D:8      | Noticed Psyche
  8900 | D:8      | Killed Psyche
  9125 | D:8      | Noticed a death yak
  9342 | D:8      | Noticed a death yak
  9667 | D:9      | Learned a level 3 spell: Mephitic Cloud
  9701 | D:9      | Found a runed translucent door.
  9713 | D:9      | Found the +10 tower shield of Ignorance {rN+ Int-4}
  9795 | D:9      | Found a runed translucent door.
  9805 | D:9      | Noticed an orange crystal statue
 10596 | D:1      | Bought a translucent scarf for 240 gold pieces
 10596 | D:1      | Identified the scarf "Fuden" {repulsion, *Corrode rN+
                  | Slay+2} (You bought it in a shop on level 1 of the Dungeon)
 10597 | D:1      | Bought an encrusted ring mail for 216 gold pieces
 10597 | D:1      | Identified the +0 ring mail "Hoehuc" {Dex+5} (You bought it
                  | in a shop on level 1 of the Dungeon)
 10763 | D:8      | Found a staircase to the Lair.
 10765 | D:8      | Noticed a death yak
 10803 | D:8      | Slain by a death yak

Illustrated notes

Levels and vault maps discovered:
D:1:      matt_arrival_refuge, layout_rooms, serial_shops, shop,
          minmay_misc_feat_enclosed
D:2:      minmay_skewed_foursquare, layout_loops_ring, minmay_snake_closets
D:3:      layout_loops_cross
D:4:      layout_cave_pools, minmay_misc_feat_secret_circle, st_stairs_9,
          moated_statue
D:5:      layout_basic, nemelex_altar_shiori, kennysheep_mini,
          minmay_misc_feat_encased
D:6:      lemuel_ice_spiral_2, layout_basic, demons_altar,
          minmay_temple_entry_antechambers, minmay_increasing_density
D:7:      layout_rooms, chequers_temple_overflow_minitemple, enter_bailey_8
D:8:      layout_loops_corners, mainiacjoe_overflow_six_doors_small,
          dpeg_lair_monsters, serial_shops, shop, uniq_psyche, uniq_erica
D:9:      layout_basic, chequers_guarded_unrand_ignorance
Temple:   nicolae_temple_bog_church

Skill      XL: |  1  2  3  4  5  6  7  8  9 10 |
---------------+-------------------------------+-----
Fighting       | 1 2 3 4 5 6 7 |  7.9
Conjurations   | 6 7 9 10 11 | 11.2
Spellcasting   | 3 4 5 6 7 |  7.6
Translocations | 1 2 3 4 |  4.7
Air Magic      | 4 7 |  7.0
Dodging        | |  2.1
Stealth        | |  2.0

Action                     |  1- 3 |  4- 6 |  7- 9 | 10-12 || total
---------------------------+-------+-------+-------+-------++-------
  Melee: Trident           |    26 |    38 |    40 |     4 ||   108
         Kick              |     1 |     7 |    11 |     3 ||    22
         Peck              |     1 |     4 |     4 |     2 ||    11
         Punch             |       |       |     1 |       ||     1
         Long sword        |       |       |       |    16 ||    16
   Cast: Magic Dart        |    26 |   106 |    39 |    15 ||   186
         Searing Ray       |     2 |     5 |    64 |    26 ||    97
         Iskenderun's Myst |       |       |     5 |     7 ||    12
         Arcjolt           |       |       |       |     2 ||     2
    Use: Potion            |       |       |     5 |       ||     5
         Scroll            |       |       |       |     1 ||     1
   Stab: Sleeping          |       |     4 |       |     1 ||     5
 Armour: Robe              |    16 |    21 |    78 |    24 ||   139
         Ring mail         |       |       |       |    11 ||    11
  Dodge: Dodged            |    35 |    39 |   180 |    54 ||   308

Table legend: (Time is in decaauts)
 A = Elapsed time spent in this place.
 B = Non-inter-level travel time spent in this place.
 C = Inter-level travel time spent in this place.
 D = Time resting spent in this place.
 E = Time spent auto-exploring this place.
 F = Levels seen in this place.
 G = Mean time per level.
                   A        B        C        D        E       F      G
               +--------+--------+--------+--------+--------+-----+--------+
         Total |  10884 |  10388 |    496 |   3156 |   5258 |  11 |  989.5 |
       Dungeon |  10138 |   9652 |    486 |   2849 |   5123 |   9 | 1126.4 |
        Temple |     54 |     44 |     10 |      0 |      0 |   1 |   54.0 |
        Bailey |    691 |    691 |      0 |    307 |    135 |   1 |  691.0 |
               +--------+--------+--------+--------+--------+-----+--------+

Top non-repeatable levels by time:
     D:5: 1565 daAuts
     D:6: 1374 daAuts
     D:2: 1304 daAuts
     D:8: 1255 daAuts
     D:9: 1105 daAuts
     D:3: 1035 daAuts
     D:4: 930 daAuts
     D:7: 929 daAuts
  Bailey: 691 daAuts
     D:1: 637 daAuts
  Temple: 54 daAuts
